 Dungeon Crawl Stone Soup version 0.30-a0-986-g7f2e898f52 (webtiles) character file.

Game seed: 4835718354747613626

38 Pimp the Chiller (level 3, 0/25 HPs)
             Began as a Barachi Ice Elementalist on Apr 1, 2023.
             Killed from afar by Sigmund (7 damage)
             ... with a puff of flame
             ... on level 2 of the Dungeon.
             The game lasted 00:06:04 (1438 turns).

Pimp the Chiller (Barachi Ice Elementalist)         Turns: 1438, Time: 00:06:05

Health: 0/25       AC:  5    Str:  9    XL:     3   Next: 43%
Magic:  4/6        EV: 12    Int: 17    God:
Gold:   88         SH:  0    Dex: 12    Spells: 3/7 levels left

rFire   x . .      SeeInvis .    p - +4 short sword (venom)
rCold   + . .      Faith    .    (no shield)
rNeg    . . .      Spirit   .    a - +0 robe
rPois   .          Reflect  .    k - +1 helmet
rElec   .          Rampage  .    (no cloak)
rCorr   .                        m - +0 pair of gloves
Will    .....                    (no boots)
Stlth   ++                       (no amulet)
HPRegen 0.24/turn                j - ring of ice
MPRegen 0.10/turn                (no ring)

@: slow
A: amphibious, slowness 1, strong legs 1, +LOS
a: Hop


You were on level 2 of the Dungeon.
You visited 1 branch of the dungeon, and saw 2 of its levels.

You collected 88 gold pieces.

Inventory:

Hand Weapons
 c - a +0 dagger
 p - a +4 short sword of venom (weapon)
Armour
 a - a +0 robe (worn)
 k - a +1 helmet (worn)
 m - a +0 pair of gloves (worn)
Magical Staves
 h - a staff of conjuration
Jewellery
 j - a ring of ice (left hand)
Scrolls
 d - a scroll of identify
 e - a scroll of immolation
Potions
 f - 2 potions of might


   Skills:
 + Level 0.7 Fighting
 + Level 1.2 Armour
 + Level 2.6 Dodging
 - Level 2.0 Stealth
 + Level 2.6 Spellcasting
 + Level 0.5 Conjurations
 + Level 5.1 Ice Magic


You had 3 spell levels left.
You knew the following spells:

 Your Spells              Type           Power      Damage    Failure   Level
a - Freeze                Ice            100%       1d10      2%          1
b - Frozen Ramparts       Ice            58%        1d9       7%          3

Your spell library contained the following spells:

 Spells                   Type           Power      Damage    Failure   Level
 Ozocubu's Armour         Ice            29%        N/A       7%          3
 Necrotise                Necr           8%         1d4       19%         1
 Vampiric Draining        Necr           2%         2d6       50%         3
 Summon Ice Beast         Ice/Summ       16%        N/A       54%         4
 Agony                    Necr           2%         N/A       99%         5


Dungeon Overview and Level Annotations

Branches:
Dungeon (2/15)

Altars:

Annotations:
D:2 Sigmund


Innate Abilities, Weirdness & Mutations

You are amphibious.
You cover ground slowly.
You can hop short distances.
You have an extended range of vision and can be seen from far away.


Message History

Sigmund is moderately wounded.
Your magical contamination has completely faded away.
Unknown command.
You feel better. Sigmund hits you with a +0 scythe.
You puncture Sigmund!
Sigmund is poisoned.
Sigmund is severely wounded.
Sigmund casts a spell.
Sigmund flickers and vanishes!
Deactivating autopickup; reactivate with Ctrl-A.
Unknown command.
Casting: Frozen Ramparts (quite dangerous; 7% risk of failure)
Confirm with . or Enter, or press ? or * to list all spells.
You don't have enough magic to cast this spell.
Magic courses through your body. Something hits you!
* * * LOW HITPOINT WARNING * * *
Unknown command.
Casting: Frozen Ramparts (quite dangerous; 7% risk of failure)
Confirm with . or Enter, or press ? or * to list all spells.
You can't see any susceptible monsters within range! (Use Z to cast anyway.)
There is a strange disturbance nearby!
Casting: Frozen Ramparts (quite dangerous; 7% risk of failure)
Confirm with . or Enter, or press ? or * to list all spells.
You don't know that spell.
There is a strange disturbance nearby!
Casting: Frozen Ramparts (quite dangerous; 7% risk of failure)
Confirm with . or Enter, or press ? or * to list all spells.
The spell is quite dangerous to miscast (7% risk of failure)!
Continue anyway?
Casting: Frozen Ramparts (quite dangerous; 7% risk of failure)
Press: ? - help, Dir - look around, f - activate You feel a surge of power!
You miscast Frozen Ramparts.
You are very lightly contaminated with residual magic.
Nothing appears to happen.
Something hits you.
* * * LOW HITPOINT WARNING * * *
You hear some strange, mumbled words.
Something tries to affect you, but you resist.
Your magical contamination has completely faded away.
A puff of flame appears from out of thin air!
The puff of flame hits you! The fire burns you terribly!
You die...

#.##.......<......#......#
#.##..#............@####.#
#.##..#.###########§# #.#
#.##..............#§# #.#
###......>..#######.#§####.#
#.............# #.#<§§§..#
#.#........##<# #.##§##..#
#.#........##.#####§##.##..#
#.#....###.##...@..{..§##..#
#.#....# ####.....§..####..#
#.##...# #..............#
#.###### #........#####.#
#.# #.#.#...#......# #.#
##.#.......###..# #.#
#............#..# #.######
#..........#.#..# #......#
#...............#


There were no monsters in sight!

Vanquished Creatures
  A dart slug (D:2)
  4 bats
  7 endoplasms
  4 goblins
  A hobgoblin (D:2)
  3 jackals (D:1)
  A kobold (D:2)
  2 quokkas (D:1)
  A ball python (D:2)
  2 frilled lizards
  5 rats
31 creatures vanquished.

Notes
Turn   | Place    | Note
-------+----------+-------------------------------------------
     0 | D:1      | Pimp the Barachi Ice Elementalist began the quest for the
                  | Orb.
     0 | D:1      | Reached XP level 1. HP: 13/13 MP: 3/3
   277 | D:1      | Reached XP level 2. HP: 9/19 MP: 1/5
   407 | D:1      | Reached skill level 5 in Ice Magic
   675 | D:1      | Reached XP level 3. HP: 20/25 MP: 1/6
   679 | D:1      | Reached skill level 1 in Armour
  1151 | D:2      | Learned a level 3 spell: Frozen Ramparts
  1261 | D:2      | Noticed Sigmund
  1438 | D:2      | Killed from afar by Sigmund

Illustrated notes

Levels and vault maps discovered:
D:1:      roderic_octagonal_star, layout_basic, serial_park_tiny_1,
          hex_intersection, minmay_hexomino_p4
D:2:      layout_basic, minmay_tree_intersection, uniq_sigmund

Skill      XL: |  1  2  3 |
---------------+----------+-----
Stealth        | 2 |  2.0
Ice Magic      | 5 |  5.1
Armour         | 1 |  1.2
Fighting       | |  0.7
Dodging        | |  2.6
Spellcasting   | |  2.6
Conjurations   | |  0.5

Action                     || total
---------------------------++-------
  Melee: Unarmed           ||     5
         Staff             ||    30
         Short sword       ||     6
   Cast: Freeze            ||    34
         Frozen Ramparts   ||     3
    Use: Scroll            ||     9
         Potion            ||     3
   Stab: Sleeping          ||     4
 Armour: Robe              ||    26
  Dodge: Dodged            ||    47

Table legend: (Time is in decaauts)
 A = Elapsed time spent in this place.
 B = Non-inter-level travel time spent in this place.
 C = Inter-level travel time spent in this place.
 D = Time resting spent in this place.
 E = Time spent auto-exploring this place.
 F = Levels seen in this place.
 G = Mean time per level.
                   A        B        C        D        E       F      G
               +--------+--------+--------+--------+--------+-----+--------+
         Total |   1618 |   1548 |     70 |    225 |    959 |   2 |  809.0 |
       Dungeon |   1618 |   1548 |     70 |    225 |    959 |   2 |  809.0 |
               +--------+--------+--------+--------+--------+-----+--------+

Top non-repeatable levels by time:
     D:1: 1193 daAuts
     D:2: 424 daAuts
